 Dungeon Crawl Stone Soup version 0.26-a0-497-g0187308201 (webtiles) character file.

Game seed: 11325594806992221636

240916 Murumi the Peltast (level 20, -9/164 HPs)
             Began as a Formicid Fighter on Aug 5, 2020.
             Was a High Priest of Okawaru.
             Killed from afar by a frost giant (37 damage)
             ... with a bolt of cold
             ... on level 4 of the Shoals on Aug 6, 2020.
             The game lasted 03:18:43 (50769 turns).

Murumi the Peltast (Formicid Fighter)              Turns: 50769, Time: 03:18:45

Health: -9/164     AC: 26    Str: 23    XL:     20   Next: 59%
Magic:  22/28      EV: 19    Int: 14    God:    Okawaru [*****.]
Gold:   550        SH: 30    Dex: 14    Spells: 19/19 levels left

rFire    + + .     SeeInvis +   a - +0 triple sword (flame)
rCold    . . .     Faith    .   H - +1 tower shield {AC+3}
rNeg     + + .     Spirit   .   U - +0 plate armour of Disaster {rF++}
rPois    .         Reflect  +   (helmet unavailable)
rElec    +         Harm     +   O - scarf {harm}
rCorr    .                      V - +0 pair of gloves
MR       ++...                  T - +1 pair of boots of Yhaugufe {rF- rN++ Int+3 Dex+3}
Stlth    ..........             E - amulet of reflection
HPRegen  0.37/turn              B - ring of flight
MPRegen  0.21/turn              u - ring of Brilliance {rElec rF+ EV+4 Int+2 Dex-5}

@: heroism, finesse
A: permanent stasis, dig shafts and tunnels, four strong arms, antennae 3
}: 1/15 runes: serpentine
a: Dig, Shaft Self, Heroism, Finesse, Renounce Religion, Evoke Flight


You were on level 4 of the Shoals.
You worshipped Okawaru.
Okawaru was extremely pleased with you.
You visited 6 branches of the dungeon, and saw 32 of its levels.
You visited the Abyss 1 time.
You also visited: Gauntlet.

You collected 3430 gold pieces.
You spent 2880 gold pieces at shops.

Inventory:

Hand Weapons
 a - a +0 triple sword of flaming (weapon)
 f - a +0 arbalest of venom
 L - a +0 scimitar of flaming
Missiles
 s - 561 bolts
Armour
 H - a +1 tower shield of protection (worn)
 O - a scarf of harm (worn)
 T - the +1 pair of boots of Yhaugufe (worn) {rF- rN++ Int+3 Dex+3}
   (You acquired it on level 2 of the Shoals)

   It affects your intelligence (+3).
   It affects your dexterity (+3).
   It makes you vulnerable to fire.
   It greatly protects you from negative energy.
 U - the +0 plate armour of Disaster (worn) {rF++}
   (Okawaru gifted it to you on level 3 of the Snake Pit)

   It greatly protects you from fire.
 V - a +0 pair of gloves (worn)
Jewellery
 h - an uncursed ring of poison resistance
 k - an uncursed ring of resist corrosion
 u - the ring of Brilliance (right hand) {rElec rF+ EV+4 Int+2 Dex-5}
   (You bought it in a shop on level 2 of the Orcish Mines)

   [ring of evasion]

   It affects your evasion (+4).
   It affects your intelligence (+2).
   It affects your dexterity (-5).
   It protects you from fire.
   It insulates you from electricity.
 v - an uncursed ring of protection from fire
 B - a ring of flight (left hand)
 E - an amulet of reflection (around neck)
 P - the ring "Zasida" {rF+ rC+ Str+4}
   (You bought it in a shop on level 2 of the Orcish Mines)

   [ring of protection from fire]

   It affects your strength (+4).
   It protects you from fire.
   It protects you from cold.
 W - an uncursed amulet of regeneration
Wands
 c - a wand of paralysis (31)
 q - a wand of disintegration (5)
 t - a wand of enslavement (21)
 A - a wand of iceblast (48)
 D - a wand of flame (67)
 G - a wand of polymorph (21)
 N - a wand of random effects (48)
 S - a wand of acid (10)
Scrolls
 l - 15 scrolls of remove curse
 n - 7 scrolls of enchant weapon
 o - 8 scrolls of magic mapping
 p - a scroll of fog
 r - a scroll of holy word
 y - 2 scrolls of fear
 F - 3 scrolls of enchant armour
 M - 11 scrolls of identify
 Q - 4 scrolls of amnesia
 X - a scroll of summoning
Potions
 b - 9 potions of lignification
 d - 3 potions of might
 e - 4 potions of cancellation
 g - 5 potions of brilliance
 i - 3 potions of flight
 j - 4 potions of heal wounds
 m - 4 potions of mutation
 w - 4 potions of magic
 x - 9 potions of ambrosia
 z - 15 potions of curing
 I - 2 potions of resistance
 J - 2 potions of invisibility
Miscellaneous
 C - a condenser vane (2/4)
 K - a tin of tremorstones (1/3)
 R - a phantom mirror


   Skills:
 + Level 15.8(20.8) Fighting
 - Level 14.0(19.0) Long Blades
 - Level 14.0(19.0) Crossbows
 - Level 15.0(20.0) Armour
 - Level 8.0(13.0) Dodging
 - Level 18.0(23.0) Shields
 - Level 11.0 Invocations
 - Level 10.0 Evocations


You had 19 spell levels left.
You didn't know any spells.
Your spell library contained the following spells:

 Spells                   Type           Power        Failure   Level
 Animate Skeleton         Necr           #.....       86%         1
 Beastly Appendage        Tmut           #.....       86%         1
 Pain                     Necr           #...         86%         1
 Sandblast                Erth           #.....       86%         1
 Summon Small Mammal      Summ           #...         86%         1
 Call Imp                 Summ           #.......     95%         2
 Ensorcelled Hibernation  Hex/Ice        #.....       95%         2
 Passwall                 Tmut/Erth      #.......     95%         2
 Wereblood                Tmut           #.......     95%         2
 Call Canine Familiar     Summ           #.......     99%         3
 Confusing Touch          Hex            #.......     99%         3
 Gell's Gravitas          Tloc           #.........   99%         3
 Spider Form              Tmut/Pois      #.........   99%         3
 Stone Arrow              Conj/Erth      #.....       99%         3
 Summon Guardian Golem    Hex/Summ       #.......     99%         3
 Vampiric Draining        Necr           #.........   99%         3
 Animate Dead             Necr           #.........   100%        4
 Cause Fear               Hex            #.........   100%        4
 Ice Form                 Ice/Tmut       #.......     100%        4
 Petrify                  Tmut/Erth      #.......     100%        4
 Summon Ice Beast         Ice/Summ       #.......     100%        4
 Summon Lightning Spire   Summ/Air       #.......     100%        4
 Agony                    Necr           #.......     100%        5
 Blade Hands              Tmut           #.........   100%        5
 Bolt of Magma            Conj/Fire/Erth #.........   100%        5
 Borgnjor's Vile Clutch   Necr/Erth      #.........   100%        5
 Iskenderun's Battlesphe  Conj           #.......     100%        5
 Lee's Rapid Deconstruct  Erth           #.........   100%        5
 Metabolic Englaciation   Hex/Ice        #.........   100%        5
 Silence                  Hex/Air        #.........   100%        5
 Yara's Violent Unravell  Hex/Tmut       #.........   100%        5
 Iron Shot                Conj/Erth      #.........   100%        6
 Shadow Creatures         Summ           N/A          100%        6
 Orb of Destruction       Conj           #.........   100%        7
 Spellforged Servitor     Conj/Summ      #.........   100%        7
 Discord                  Hex            #.........   100%        8


Dungeon Overview and Level Annotations

Branches:
Dungeon (15/15)            Temple (1/1) D:4            Lair (6/6) D:9
 Shoals (4/4) Lair:3        Snake (4/4) Lair:2        Slime (0/5) Lair:6
    Orc (2/2) D:10            Elf (0/3) Orc:2        Vaults (0/5) D:13
 Depths (0/5) D:15        Gauntlet (visited)

Altars:
Ashenzari
Cheibriados
Dithmenos
Elyvilon
Fedhas
Gozag
Hepliaklqana
Kikubaaqudgha
Makhleb
Nemelex Xobeh
Okawaru
Qazlal
Ru
Sif Muna
Trog
Uskayaw
Vehumet
Wu Jian
Xom
Yredelemnul
Zin
The Shining One
Beogh

Shops:
D:7 *   D:8 ?   D:9 }   D:12 }   Orc:2 =(?(   Shoals:2 ?   Snake:1 [
Snake:4 ?


Innate Abilities, Weirdness & Mutations

You cannot be hasted, slowed, berserked, paralysed or teleported.
You can dig through walls and to a lower floor.
Your four strong arms can wield two-handed weapons with a shield.
You have a pair of large antennae on your head. (SInv)


Message History

The merfolk impaler is poisoned.
You block the merfolk impaler's attack.
The sea snake is engulfed in poison gas.
The sea snake is poisoned.
The merfolk javelineer is engulfed in poison gas.
The merfolk javelineer is poisoned.
The merfolk javelineer hits the plant but does no damage.
Evoke which item? (* to show all) (? for menu, Esc to quit)
Clouds of poison gas condense around you!
The plant is engulfed in freezing vapours.
The merfolk impaler is engulfed in poison gas.
The merfolk impaler looks even sicker.
You block the merfolk impaler's attack.
The wind drake is engulfed in poison gas.
The wind drake looks even sicker.
The wind drake bites the plant!
The manticore is engulfed in poison gas.
The manticore looks even sicker.
The frost giant is engulfed in poison gas.
The frost giant is poisoned.
The frost giant gestures at you while chanting.
The bolt of cold hits you!!
You die...

#..P...P≈PP≈≈≈≈≈≈≈≈
##≈....P..P≈≈P≈≈≈≈≈≈≈≈≈≈
##≈........§§PP≈≈≈≈≈≈≈≈≈
#≈≈......PPPmPP≈≈≈≈≈≈≈≈≈
##........†PPPPPP≈≈≈≈≈≈≈
##......P....P..P≈≈≈≈≈≈≈
).........P†.PPPP≈≈≈≈≈≈≈
)..........)§PHPPP≈≈≈≈≈≈
.(..##.##≈#)§§kC@P°°°≈≈≈
.†..#######.§§mPPS§≈≈≈≈≈
..### #.)#≈§§P§§§≈≈≈≈≈
..# .≈)).#≈..§P§≈≈≈≈≈≈
.≈# #.#.≈##...≈≈≈≈≈≈≈≈
.≈# {. .≈# #...≈≈≈≈≈≈≈≈
.≈# ≈#≈ #..≈≈≈≈≈≈≈≈≈ .≈#
≈.≈≈≈≈≈≈≈≈≈≈ .≈#


You could see a frost giant (poisoned), a merfolk impaler (very poisoned), a
merfolk javelineer (poisoned), a sea snake (poisoned), a wind drake (repels
missiles, very poisoned) and a manticore (very poisoned).

Vanquished Creatures
  Bai Suzhen (Snake:3)
  A bone dragon (Abyss:3)
  Jorgrun (Snake:3)
  Frances (Snake:1)
  A tentacled starspawn (Abyss:3)
  2 krakens (Shoals:1)
  Agnes (Snake:3)
  Kirke (Lair:6)
  8 nagarajas
  Ilsuiw (Shoals:3)
  The ghost of KristoblXynda the Grappler, a journeyman TrWz of Ashenzari (Lair:6)
  A minotaur (Gauntlet)
  Azrael (D:14)
  The ghost of Ogre the Geomancer, a journeyman GrEE of Qazlal (Lair:3)
  A yellow draconian (Abyss:3)
  The ghost of Sickboy the Eclecticist, a journeyman DECj of Vehumet (D:15)
  9 merfolk impalers
  3 merfolk javelineers (Shoals:4)
  Josephine (D:12)
  5 vault guards (D:13)
  A fire dragon (Lair:6)
  3 ogre magi
  A rakshasa (D:15)
  9 naga warriors
  2 merfolk avatars
  8 hydras
  A death knight (D:13)
  2 catoblepae
  9 death yaks
  2 centaur warriors (D:15)
  An alligator snapping turtle (Shoals:3)
  5 anacondas
  3 merfolk aquamancers
  20 two-headed ogres
  14 naga sharpshooters
  3 tengu warriors
  Urug (Lair:6)
  Sonja (D:13)
  A deep elf knight (D:13)
  A soul eater (Gauntlet)
  6 shock serpents
  A wretched star (Abyss:3)
  4 sixfirhies (Gauntlet)
  Nergalle (D:10)
  2 salamander mystics
  2 wizards (D:13)
  A glowing orange brain (Abyss:3)
  2 deep trolls (Orc:2)
  12 sea snakes
  5 unseen horrors
  A phantasmal warrior (D:13)
  A shadow dragon zombie (Abyss:3)
  17 harpies
  8 naga ritualists
  3 lindwurms (Lair:6)
  2 deep elf magi
  7 oklob plants
  11 mana vipers
  14 manticores
  9 cyclopes
  16 fauns
  4 ugly things
  An orc sorcerer (Orc:2)
  6 salamanders
  An elephant (shapeshifter) (D:15)
  13 merfolk sirens
  23 naga magi
  6 water nymphs
  A guardian serpent (Snake:3)
  29 black mambas
  6 elephants
  A smoke demon (Abyss:3)
  2 gargoyles
  17 cane toads
  12 torpor snails
  An orange demon (Abyss:3)
  5 rime drakes
  A yaktaur (D:13)
  A rime drake (shapeshifter) (D:15)
  4 komodo dragons
  24 merfolk
  A demonic crawler (Abyss:3)
  6 tengu conjurers
  A freezing wraith (D:15)
  A catoblepas skeleton (Abyss:3)
  A queen bee (D:9)
  2 ancient zymes (Abyss:3)
  A polar bear (shapeshifter) (D:15)
  A jumping spider (shapeshifter) (D:15)
  10 hornets
  13 trolls
  7 wind drakes
  2 polar bears
  4 tyrant leeches (Lair:6)
  13 blink frogs
  3 slime creatures (D:15)
  2 snapping turtles
  A raiju (Abyss:3)
  8 dream sheep (Lair:6)
  3 air elementals (Abyss:3)
  13 hippogriffs
  2 shadows
  A spriggan (shapeshifter) (D:13)
  9 wraiths
  2 wyverns
  A spriggan (Lair:4)
  11 water elementals
  65 yaks
  6 large abominations (Abyss:3)
  2 vampires
  8 basilisks
  2 golden eyes (shapeshifter) (D:15)
  4 hogs (Lair:6)
  A human (D:13)
  A fire elemental (D:14)
  4 wargs
  A chaos spawn (Abyss:3)
  A neqoxec (Abyss:3)
  A small abomination (Abyss:3)
  2 vampire mosquitoes
  2 acid dragons
  38 nagas
  14 water moccasins
  3 hell hounds (D:14)
  4 porcupines
  13 orc warriors
  An eye of draining (D:11)
  An ice beast (D:13)
  2 sky beasts
  2 phantoms
  A black bear (D:13)
  An ogre (shapeshifter) (D:15)
  4 necrophages
  28 ogres
  8 wolves
  5 boggarts (D:15)
  19 centaurs
  12 crocodiles
  3 big kobolds
  15 bullfrogs
  The ghost of sking75 the Scratcher, an amateur FeTm of Okawaru (D:4)
  An earth elemental (Abyss:3)
  A wyvern zombie (D:11)
  A scorpion (D:14)
  6 wights
  29 killer bees
  6 electric eels
  3 jellies
  3 howler monkeys (D:13)
  A bullfrog zombie (D:11)
  5 lava snakes (Snake:2)
  3 starcursed masses (Abyss:3)
  6 hounds
  4 centaur zombies
  A quasit (D:8)
  2 gnoll shamans
  15 orc priests
  16 orc wizards
  7 centaur skeletons
  An iron imp (Abyss:3)
  Jessica (D:3)
  3 bullfrog skeletons
  4 iguanas
  7 worker ants
  7 hell rats (Lair:4)
  A killer bee zombie (D:7)
  3 hound skeletons
  4 worker ant zombies
  21 gnolls
  7 adders
  A howler monkey skeleton (D:5)
  5 shadow imps
  3 white imps
  2 ufetubi
  2 oozes
  3 adder zombies
  An adder skeleton (D:4)
  2 dart slugs
  9 leopard geckos
  56 orcs
  7 bats
  6 giant cockroaches
  3 goblins
  A hobgoblin (D:1)
  2 jackals (D:1)
  4 quokkas
  A ball python (D:1)
  4 frilled lizards (D:1)
  23 kobolds
  A leopard gecko skeleton (D:5)
  6 rats
  2 plants
  3 starspawn tentacles (Abyss:3)
  2 tentacles (Shoals:1)
1125 creatures vanquished.

Vanquished Creatures (others)
  A nagaraja (Snake:3)
  10 fungi
  25 plants
  5 starspawn tentacles (Abyss:3)
  13 tentacles (Shoals:1)
54 creatures vanquished.

Grand Total: 1179 creatures vanquished

Notes
Turn   | Place    | Note
-------+----------+-------------------------------------------
     0 | D:1      | Murumi the Formicid Fighter began the quest for the Orb.
     0 | D:1      | Reached XP level 1. HP: 18/18 MP: 1/1
    67 | D:1      | Reached skill level 1 in Dodging
    67 | D:1      | Reached XP level 2. HP: 24/24 MP: 2/2
   113 | D:1      | Reached skill level 4 in Shields
   334 | D:1      | Reached XP level 3. HP: 29/29 MP: 3/3
   797 | D:2      | Reached XP level 4. HP: 29/35 MP: 4/4
  1570 | D:3      | Noticed Jessica
  1574 | D:3      | Killed Jessica
  1574 | D:3      | Reached XP level 5. HP: 27/41 MP: 5/5
  1715 | D:3      | Reached skill level 5 in Long Blades
  1878 | D:3      | Found a sacrificial altar of Ru.
  1878 | D:3      | Found an ornate altar of the Wu Jian Council.
  1879 | D:3      | Found a basalt altar of Yredelemnul.
  1904 | D:3      | Found a radiant altar of Vehumet.
  1983 | D:3      | Found a sparkling altar of Nemelex Xobeh.
  1985 | D:3      | Found a stormy altar of Qazlal.
  2153 | D:3      | Found a glowing silver altar of Zin.
  2342 | D:3      | Reached XP level 6. HP: 29/48 MP: 6/6
  2502 | D:4      | Found a runed translucent door.
  2508 | D:4      | Noticed sking75's ghost (amateur FeTm)
  2543 | D:4      | Found a staircase to the Ecumenical Temple.
  2549 | Temple   | Entered the Ecumenical Temple
  2664 | Temple   | Became a worshipper of Warmaster Okawaru
  2895 | D:4      | Reached skill level 1 in Invocations
  3270 | D:4      | Noticed a phantom
  3288 | D:4      | Reached XP level 7. HP: 34/54 MP: 8/8
  3307 | D:4      | Reached skill level 5 in Shields
  3535 | D:4      | Reached skill level 5 in Fighting
  3987 | D:4      | Killed sking75's ghost
  3997 | D:5      | Entered Level 5 of the Dungeon
  4116 | D:5      | Got a pair of scorched boots
  4121 | D:5      | Identified the +2 pair of boots of the Onion {MR+} (You
                  | found it on level 5 of the Dungeon)
  4158 | D:5      | Reached skill level 5 in Armour
  4174 | D:5      | Reached XP level 8. HP: 62/62 MP: 10/10
  4182 | D:5      | Upgraded the game from 0.26-a0-491-g70697cc071 to
                  | 0.26-a0-497-g0187308201
  4197 | D:5      | Reached * piety under Okawaru
  4303 | D:5      | Found a snail-covered altar of Cheibriados.
  4369 | D:5      | Reached skill level 6 in Shields
  5475 | D:6      | Reached skill level 7 in Shields
  5711 | D:7      | Found Ogriocky's Assorted Antiques.
  5818 | D:7      | Reached skill level 1 in Evocations
  5838 | D:7      | Found a burning altar of Makhleb.
  5997 | D:7      | Reached ** piety under Okawaru
  6083 | D:7      | Reached XP level 9. HP: 56/69 MP: 11/11
  6619 | D:7      | Found a hide-covered altar of Uskayaw.
  6678 | D:7      | Bought an iridescent long sword for 204 gold pieces
  6678 | D:7      | Bought a scroll of identify for 48 gold pieces
  6678 | D:7      | Bought a potion of heal wounds for 120 gold pieces
  6678 | D:7      | Identified the +2 long sword "Dogh" {drain, rElec rF+
                  | Str+2} (You bought it in a shop on level 7 of the Dungeon)
  7045 | D:8      | Found Xaquwn's Magic Scroll Boutique.
  7057 | D:8      | Reached skill level 8 in Shields
  7061 | D:8      | Bought a scroll of noise for 11 gold pieces
  7131 | D:8      | Noticed a two-headed ogre
  7149 | D:8      | Killed a two-headed ogre
  7160 | D:8      | Reached *** piety under Okawaru
  7360 | D:8      | Noticed a two-headed ogre
  7373 | D:8      | Killed a two-headed ogre
  7373 | D:8      | Reached skill level 9 in Shields
  7373 | D:8      | Reached XP level 10. HP: 67/80 MP: 11/13
  8067 | D:9      | Noticed an elephant
  8070 | D:9      | Reached **** piety under Okawaru
  8087 | D:9      | Reached skill level 5 in Invocations
  8100 | D:9      | Killed an elephant
  8168 | D:9      | Found a staircase to the Lair.
  8230 | D:9      | Found an ancient bone altar of Kikubaaqudgha.
  8260 | D:9      | Found a white marble altar of Elyvilon.
  8432 | D:9      | Found a shimmering altar of Xom.
  8432 | D:9      | Found a shimmering altar of Xom.
  8439 | D:9      | Found a shimmering altar of Xom.
  8440 | D:9      | Found a shimmering altar of Xom.
  8445 | D:9      | Found Roukk's Gadget Emporium.
  8464 | D:9      | Noticed a two-headed ogre
  8474 | D:9      | Killed a two-headed ogre
  8474 | D:9      | Reached ***** piety under Okawaru
  8668 | D:9      | Reached XP level 11. HP: 88/88 MP: 14/14
  8794 | D:9      | Reached skill level 10 in Shields
  9497 | D:9      | Found a snail-covered altar of Cheibriados.
  9600 | D:9      | Found a shimmering altar of Xom.
  9601 | D:9      | Found a shimmering altar of Xom.
  9833 | D:10     | Entered Level 10 of the Dungeon
  9833 | D:10     | Noticed Nergalle
  9857 | Lair:1   | Entered Level 1 of the Lair of Beasts
  9927 | Lair:1   | Noticed a seven-headed hydra
  9940 | Lair:1   | Killed a seven-headed hydra
 10167 | Lair:1   | Reached skill level 5 in Evocations
 10400 | Lair:1   | Received a gift from Okawaru
 10435 | Lair:1   | Found a snail-covered altar of Cheibriados.
 10859 | Lair:1   | Reached skill level 10 in Fighting
 10943 | Lair:1   | Noticed a seven-headed hydra
 10957 | Lair:1   | Killed a seven-headed hydra
 10957 | Lair:1   | Reached XP level 12. HP: 72/96 MP: 13/16
 11160 | Lair:1   | Reached skill level 10 in Armour
 11282 | Lair:1   | Reached ****** piety under Okawaru
 11760 | Lair:1   | Received a gift from Okawaru
 11760 | Lair:1   | Reached skill level 11 in Shields
 12142 | Lair:2   | Received a gift from Okawaru
 12185 | Lair:2   | Found a staircase to the Snake Pit.
 13241 | Lair:3   | Found a staircase to the Shoals.
 13277 | Lair:3   | Reached skill level 12 in Shields
 13505 | Lair:3   | Found a runed translucent door.
 13508 | Lair:3   | Noticed Ogre's ghost (journeyman GrEE)
 13657 | Lair:3   | Received a gift from Okawaru
 13658 | Lair:3   | Got a pair of jewelled gloves {god gift}
 13663 | Lair:3   | Identified the -5 pair of gloves of Seocepni {rN+} (Okawaru
                  | gifted it to you on level 3 of the Lair of Beasts)
 14082 | Lair:3   | Killed Ogre's ghost
 14082 | Lair:3   | Reached XP level 13. HP: 55/106 MP: 8/18
 14410 | Lair:4   | Found a gate leading to a gauntlet.
 14419 | Gauntlet | Entered a Gauntlet
 14419 | Gauntlet | Found a transporter.
 14419 | Gauntlet | Found a transporter.
 14419 | Gauntlet | Found a transporter.
 14601 | Gauntlet | Found a transporter.
 14602 | Gauntlet | Found a transporter.
 14605 | Gauntlet | Found a transporter.
 14612 | Gauntlet | Found a transporter.
 14614 | Gauntlet | Found a transporter.
 14615 | Gauntlet | Found a transporter.
 14616 | Gauntlet | Found a transporter.
 14624 | Gauntlet | Found a transporter.
 14624 | Gauntlet | Found a transporter.
 14839 | Gauntlet | HP: 4/106 [soul eater/drain life (17)]
 15848 | Gauntlet | Got a scorched sapphire amulet
 15872 | Gauntlet | Reached skill level 10 in Long Blades
 16075 | Gauntlet | Got a shimmering jade ring
 16090 | Gauntlet | Noticed a minotaur
 16109 | Gauntlet | Killed a minotaur
 16109 | Gauntlet | Reached skill level 5 in Dodging
 16174 | Lair:4   | Identified the amulet "Ymag" {Inacc rElec MR+ Stlth-} (You
                  | found it in a Gauntlet)
 16222 | Lair:4   | Noticed a catoblepas
 16225 | Lair:4   | Noticed a four-headed hydra
 16245 | Lair:4   | Killed a catoblepas
 16255 | Lair:4   | Killed a four-headed hydra
 16873 | Lair:4   | Received a gift from Okawaru
 17255 | Lair:4   | Reached skill level 13 in Shields
 17258 | Lair:4   | Noticed a seven-headed hydra
 17279 | Lair:4   | Killed a seven-headed hydra
 17586 | Lair:4   | Reached XP level 14. HP: 111/115 MP: 20/20
 19198 | Lair:5   | Identified the ring of Qeza {rElec MR+ Str-3 Int+2 Dex+2}
                  | (You found it in a Gauntlet)
 20589 | Lair:6   | Entered Level 6 of the Lair of Beasts
 21340 | Lair:6   | Reached skill level 14 in Shields
 21344 | Lair:6   | Got a buzzing chain mail
 21354 | Lair:6   | Identified the +8 chain mail of Qagat {-Tele Int+9} (You
                  | found it on level 6 of the Lair of Beasts)
 21387 | Lair:6   | Noticed Kirke
 21762 | Lair:6   | Reached XP level 15. HP: 103/122 MP: 21/21
 21829 | Lair:6   | Found a staircase to the Slime Pits.
 22147 | Lair:6   | Noticed Urug
 22151 | Lair:6   | Found a runed translucent door.
 22151 | Lair:6   | Noticed KristoblXynda's ghost (journeyman TrWz)
 22164 | Lair:6   | Killed Urug
 22511 | Lair:6   | Killed Kirke
 22511 | Lair:6   | Received a gift from Okawaru
 22612 | Lair:6   | Found a runed translucent door.
 23963 | Lair:6   | Reached skill level 15 in Shields
 24322 | Lair:6   | Killed KristoblXynda's ghost
 24673 | D:10     | Killed Nergalle
 25500 | D:10     | Found a staircase to the Orcish Mines.
 25510 | D:10     | Found a roughly hewn altar of Beogh.
 25656 | Orc:1    | Entered Level 1 of the Orcish Mines
 25656 | Orc:1    | Found a roughly hewn altar of Beogh.
 26188 | Orc:2    | Entered Level 2 of the Orcish Mines
 26188 | Orc:2    | Found a staircase to the Elven Halls.
 26385 | Orc:2    | Reached skill level 1 in Crossbows
 26412 | Orc:2    | Found Bici's Magic Scroll Shoppe.
 26459 | Orc:2    | Received a gift from Okawaru
 26535 | Orc:2    | Reached XP level 16. HP: 91/130 MP: 22/22
 26543 | Orc:2    | Reached skill level 5 in Crossbows
 26788 | Orc:2    | Found Askio's Jewellery Emporium.
 26789 | Orc:2    | Found Qiyrryal's Antique Weapon Shoppe.
 26924 | Orc:2    | Found Sous's Antique Weapon Boutique.
 26968 | Orc:2    | Received a gift from Okawaru
 27354 | Orc:2    | Bought the ring of Brilliance {rElec rF+ EV+4 Int+2 Dex-5}
                  | for 659 gold pieces
 27354 | Orc:2    | Bought the ring "Zasida" {rF+ rC+ Str+4} for 616 gold
                  | pieces
 28252 | D:11     | Received a gift from Okawaru
 28454 | Orc:2    | Bought an uncursed amulet of reflection for 390 gold pieces
 29418 | D:12     | Received a gift from Okawaru
 29423 | D:12     | Noticed Josephine
 29440 | D:12     | Killed Josephine
 30073 | D:12     | Found Xysuobb's Gadget Shop.
 30509 | D:13     | Received a gift from Okawaru
 30547 | D:13     | Reached skill level 10 in Crossbows
 30631 | D:13     | Received a gift from Okawaru
 31825 | D:13     | Received a gift from Okawaru
 31931 | D:13     | Noticed Sonja
 31946 | D:13     | Killed Sonja
 31946 | D:13     | Reached XP level 17. HP: 136/136 MP: 16/23
 32286 | D:13     | Found a gate to the Vaults.
 32302 | D:13     | Received a gift from Okawaru
 33261 | D:14     | Noticed Azrael
 33297 | D:14     | Killed Azrael
 33871 | D:15     | Entered Level 15 of the Dungeon
 34047 | D:15     | Reached skill level 10 in Invocations
 34253 | D:15     | Received a gift from Okawaru
 34419 | D:15     | Found a runed translucent door.
 34433 | D:15     | Noticed Sickboy's ghost (journeyman DECj)
 34902 | D:15     | Received a gift from Okawaru
 34928 | D:15     | Found a staircase to the Depths.
 35012 | D:15     | Killed Sickboy's ghost
 35213 | Snake:1  | Entered Level 1 of the Snake Pit
 35303 | Snake:1  | Found Ixausch's Armour Boutique.
 35322 | Snake:1  | Noticed Frances
 35351 | Snake:1  | Killed Frances
 36730 | Snake:2  | Received a gift from Okawaru
 37014 | Snake:2  | Found an iron altar of Okawaru.
 37516 | Snake:2  | Reached skill level 16 in Shields
 38130 | Snake:3  | Reached XP level 18. HP: 146/146 MP: 25/25
 38976 | Snake:3  | Noticed Agnes
 39016 | Snake:3  | Killed Agnes
 39016 | Snake:3  | Received a gift from Okawaru
 39171 | Snake:3  | Got an agate-encrusted plate armour {god gift}
 39181 | Snake:3  | Identified the +0 plate armour of Disaster {rF++} (Okawaru
                  | gifted it to you on level 3 of the Snake Pit)
 39428 | Snake:3  | Noticed Jorgrun
 39445 | Snake:3  | Killed Jorgrun
 39770 | Snake:3  | Noticed Bai Suzhen
 39822 | Snake:3  | Killed Bai Suzhen
 40467 | Snake:4  | Entered Level 4 of the Snake Pit
 40966 | Snake:4  | Found Logagox's Magic Scroll Emporium.
 41347 | Snake:4  | Identified a scroll of acquirement
 41347 | Snake:4  | Acquired a +0 antimagic triple sword
 41551 | Snake:4  | Received a gift from Okawaru
 41678 | Snake:4  | Reached skill level 15 in Fighting
 42448 | Snake:4  | Reached skill level 15 in Armour
 42448 | Snake:4  | Reached XP level 19. HP: 129/155 MP: 8/26
 43101 | Snake:4  | Got a serpentine rune of Zot
 43339 | Snake:4  | Reached skill level 17 in Shields
 43692 | Shoals:1 | Entered Level 1 of the Shoals
 44785 | Shoals:1 | Reached skill level 10 in Evocations
 45462 | Shoals:1 | Found a shattered altar of Ashenzari.
 46091 | Shoals:2 | Found Afuahoip's Magic Scroll Emporium.
 46317 | Shoals:2 | Received a gift from Okawaru
 46703 | Shoals:2 | Bought a scroll of acquirement for 832 gold pieces
 46703 | Shoals:2 | Acquired the +1 pair of boots of Yhaugufe {rF- rN++ Int+3
                  | Dex+3}
 48454 | Shoals:3 | Reached XP level 20. HP: 155/162 MP: 28/28
 49159 | Shoals:4 | Entered Level 4 of the Shoals
 49302 | Shoals:4 | Noticed Ilsuiw
 49677 | Shoals:4 | Cast into level 3 of the Abyss (merfolk impaler)
 49736 | Abyss:3  | Received a gift from Okawaru
 49956 | Abyss:3  | Noticed a bone dragon
 49983 | Abyss:3  | Killed a bone dragon
 49983 | Abyss:3  | Received a gift from Okawaru
 49993 | Shoals:4 | Escaped the Abyss
 50002 | Shoals:3 | Killed Ilsuiw
 50366 | Shoals:4 | Received a gift from Okawaru
 50407 | Shoals:4 | Reached skill level 18 in Shields
 50671 | Shoals:4 | Received a gift from Okawaru
 50760 | Shoals:4 | Received a gift from Okawaru
 50766 | Shoals:4 | HP: 7/164 [frost giant/bolt of cold (42)]
 50769 | Shoals:4 | Killed from afar by a frost giant

Illustrated notes

Levels and vault maps discovered:
D:1:      dpeg_arrival_three_bigger_balls, layout_rooms
D:2:      layout_loops_cross
D:3:      layout_rooms, zin_academy, nicolae_overflow_hidden_temple,
          vehumet_crystals, uniq_jessica
D:4:      layout_loops_cross, minmay_temple_entry_hall,
          ebering_ghost_reflecting_pool, nrook_campfire
D:5:      layout_basic, basic_altar
D:6:      layout_loops_corners, kennysheep_generic_room_3
D:7:      layout_basic, eat_drink_and_be_merry_uskayaw, serial_shops, shop,
          kennysheep_crisscross, makhleb_blood_cavern_becter
D:8:      layout_cave_pools, serial_shops, shop
D:9:      layout_loops_ring, xom_shifter_show, kiku_gazebo_garden_becter,
          lemuel_round_altar, kennysheep_little_box, david_lair_generic,
          special_room [special_room_bee], serial_shops, shop,
          minmay_tree_intersection, hangedman_abyss_or_decor_stagger
D:10:     layout_long_grid, minmay_orc_entry_temple_small, nrook_mini_backslash,
          uniq_nergalle
D:11:     layout_stronghold
D:12:     layout_basic, kennysheep_windowed_goal, uniq_josephine
D:13:     minmay_stepped, layout_basic, grunt_vaults_entry_fortified,
          amethyst_killhole, uniq_sonja
D:14:     layout_stronghold, minivault_23, uniq_azrael
D:15:     gammafunk_enter_depths_forms, layout_rooms,
          ebering_ghost_reflecting_pool, hangedman_decor_peaks_small
Temple:   compressed_dpeg_circular_temple
Lair:1:   layout_long_grid, kennysheep_snail_temple
Lair:2:   layout_misc_corridors, dummy_snake_entry, minivault_27,
          eino_small_chamber_without_monster, grunt_megastairs_5
Lair:3:   layout_roguey, elwin_shoals_entry_stream,
          hellmonk_ghost_happy_afterlife
Lair:4:   layout_cellular_growth, gauntlet_entry_generic,
          grunt_forest_large_clearing_hut
Lair:5:   layout_concentric_octagons, serial_bayou, serial_bayou_ford_a,
          serial_bayou_lagoon_b, serial_bayou_crossing, serial_bayou_pond_a,
          serial_bayou_pond_a, minmay_lair_oklob_chamber,
          infiniplex_staircase_pool
Lair:6:   hangedman_lair_in_review, layout_misc_corridors, wormcave,
          slime_dummy, gammafunk_ghost_grave, serial_bayou_shore_a,
          serial_bayou_shore_b, uniq_urug, uniq_kirke
Shoals:1: argonaut_golden_fleece, layout_shoals, abandoned_shop,
          lemuel_oklob_altar
Shoals:2: layout_shoals, serial_shops, shop, nicolae_shoals_square_sea_wall
Shoals:3: cheibrodos_shoals_roost, layout_shoals, nicolae_shoals_loop_pool
Shoals:4: shoals_end_grunt_ice, layout_shoals, shoal_ilsuiw
Snake:1:  layout_layer_cave, serial_shops, nicolae_shop_crystal, uniq_frances
Snake:2:  layout_concentric_octagons, basic_altar, nicolae_snake_lava_pool
Snake:3:  layout_grid_maze, uniq_agnes, uniq_bai_suzhen, uniq_jorgrun
Snake:4:  snake_pit, layout_basic, serial_shops, shop_statue, drop_trap
Orc:1:    layout_caves, basic_altar
Orc:2:    st_orc_open, layout_caves

Skill      XL: |  1  2  3  4  5  6  7  8  9 10 11 12 13 14 15 16 17 18 19 20 |
---------------+-------------------------------------------------------------+-----
Dodging        | 1 2 3 4 5 6 7 8 |  8.0
Shields        | 4 5 7 9 10 12 13 14 15 16 17 18 | 18.0
Long Blades    | 3 4 5 6 7 9 10 11 12 13 14 | 14.0
Fighting       | 4 5 6 8 9 10 11 12 13 14 15 | 15.8
Armour         | 4 5 7 8 9 10 11 12 13 14 15 | 15.0
Invocations    | 2 3 4 5 6 7 8 9 10 11 | 11.0
Evocations     | 3 4 5 6 7 8 9 10 | 10.0
Crossbows      | 4 11 12 13 14 | 14.0

Action                   |  1- 3 |  4- 6 |  7- 9 | 10-12 | 13-15 | 16-18 | 19-21 || total
-------------------------+-------+-------+-------+-------+-------+-------+-------++-------
Melee: Long sword        |   104 |   179 |   365 |   770 |  1199 |       |       ||  2617
       Dagger            |       |       |       |    19 |    52 |       |       ||    71
       Double sword      |       |       |       |       |   598 |   526 |       ||  1124
       Great sword       |       |       |       |       |       |   596 |       ||   596
       Scimitar          |       |       |       |       |       |    11 |       ||    11
       Triple sword      |       |       |       |       |       |   136 |   538 ||   674
 Fire: Arbalest          |       |       |       |       |       |   464 |   272 ||   736
Invok: Heroism           |       |       |     2 |    11 |    14 |     9 |     8 ||    44
       Finesse           |       |       |       |     4 |     7 |     8 |    10 ||    29
 Abil: Dig               |     1 |     2 |     5 |     3 |    17 |    11 |     3 ||    42
       Evoke Flight      |       |       |       |       |       |       |    13 ||    13
Evoke: Condenser vane    |       |       |       |       |       |       |     5 ||     5
       Tin of tremorston |       |       |       |       |       |       |     3 ||     3
  Use: Scroll            |     3 |     8 |     9 |     6 |     5 |     9 |     3 ||    43
       Potion            |       |       |       |     3 |     5 |     1 |     4 ||    13
 Stab: Petrified         |       |       |       |       |     4 |       |       ||     4
       Distracted        |       |       |       |       |     2 |     1 |       ||     3
       Confused          |       |       |       |       |       |     1 |       ||     1
Armor: Scale mail        |    43 |       |       |       |       |       |       ||    43
       Chain mail        |       |    83 |    93 |       |   171 |   229 |       ||   576
       Plate armour      |       |       |    50 |   225 |   259 |    60 |   259 ||   853
       Skin              |       |       |       |       |     3 |       |       ||     3
Dodge: Dodged            |    35 |    35 |    74 |   155 |   375 |   332 |   316 ||  1322
Block: Kite shield       |    54 |   113 |   197 |   411 |   655 |       |       ||  1430
       Tower shield      |       |       |       |       |   259 |  1543 |   885 ||  2687
       Reflection        |       |       |       |       |       |   183 |    88 ||   271
       Rpst.: Long sword |    15 |     6 |    23 |    30 |    52 |       |       ||   126
       Double sword      |       |       |       |       |    28 |    19 |       ||    47
       Great sword       |       |       |       |       |       |    47 |       ||    47
       Triple sword      |       |       |       |       |       |     2 |    62 ||    64

Table legend: (Time is in decaauts)
 A = Elapsed time spent in this place.
 B = Non-inter-level travel time spent in this place.
 C = Inter-level travel time spent in this place.
 D = Time resting spent in this place.
 E = Time spent auto-exploring this place.
 F = Levels seen in this place.
 G = Mean time per level.
                   A        B        C        D        E       F      G
               +--------+--------+--------+--------+--------+-----+--------+
         Total |  50656 |  47266 |   3390 |   5032 |  32829 |  34 | 1489.9 |
       Dungeon |  18577 |  16989 |   1588 |    695 |  12798 |  15 | 1238.5 |
        Temple |    120 |     91 |     29 |      0 |     90 |   1 |  120.0 |
          Lair |  13737 |  12931 |    806 |   2104 |   8390 |   6 | 2289.5 |
        Shoals |   6006 |   5691 |    315 |    767 |   3898 |   4 | 1501.5 |
     Snake Pit |   8452 |   8047 |    405 |    579 |   6003 |   4 | 2113.0 |
  Orcish Mines |   1824 |   1579 |    245 |     22 |   1056 |   2 |  912.0 |
         Abyss |    277 |    277 |      0 |      0 |     14 |   1 |  277.0 |
      Gauntlet |   1660 |   1660 |      0 |    864 |    579 |   1 | 1660.0 |
               +--------+--------+--------+--------+--------+-----+--------+

Top non-repeatable levels by time:
  Lair:6: 3456 daAuts
 Snake:4: 3017 daAuts
  Lair:5: 3015 daAuts
 Snake:3: 2499 daAuts
Shoals:3: 2346 daAuts
    D:13: 2304 daAuts
  Lair:1: 2201 daAuts
  Lair:3: 2139 daAuts
     D:9: 1994 daAuts
  Lair:4: 1806 daAuts
Gauntlet: 1660 daAuts
Shoals:1: 1610 daAuts
Shoals:2: 1573 daAuts
     D:4: 1525 daAuts
 Snake:1: 1504 daAuts
